 Dungeon Crawl Stone Soup version 0.31-a0-214-gb37851dbb3 (webtiles) character file.

Game seed: 15191027445068895960

120 qw the Shooter (level 4, -13/37 HPs)
             Began as a Minotaur Hexslinger on July 1, 2023.
             Mangled by an ogre
             ... wielding a +0 giant spiked club
              (24 damage)
             ... on level 3 of the Dungeon.
             The game lasted 00:00:45 (2059 turns).

qw the Shooter (Minotaur Hexslinger)                Turns: 2059, Time: 00:00:46

Health: -13/37     AC:  5    Str: 13    XL:     4   Next: 75%
Magic:  4/4        EV: 12    Int: 10    God:
Gold:   77         SH:  0    Dex: 14    Spells: 4/5 levels left

rFire   . . .        Y - +2 sling
rCold   . . .        (no shield)
rNeg    . . .        g - +0 leather armour
rPois   .            (helmet restricted)
rElec   .            h - +0 cloak
rCorr   .            (no gloves)
SInv    .            c - +0 pair of boots
Will    .....        (no amulet)
Stlth   +            (no ring)
HPRegen 0.26/turn    (no ring)
MPRegen 0.09/turn

%: no passive effects
@: no status effects
A: horns 2, retaliatory headbutt
a: no special abilities


You were on level 3 of the Dungeon.
You visited 1 branch of the dungeon, and saw 4 of its levels.

You collected 77 gold pieces.


Innate Abilities, Weirdness & Mutations

You have a pair of horns on your head.
You reflexively headbutt those who attack you in melee.


   Skills:
 + Level 2.8 Fighting
 - Level 5.0 Ranged Weapons
 - Level 2.1 Dodging
 - Level 1.0 Spellcasting
 - Level 2.0 Hexes


You had 4 spell levels left.
You knew the following spells:

 Your Spells              Type           Power      Damage    Failure   Level
a - Slow                  Hex            16%        N/A       19%         1

Your spell library contained the following spells:

 Spells                   Type           Power      Damage    Failure   Level
 Inner Flame              Hex/Fire       2%         N/A       65%         3
 Portal Projectile        Hex/Tloc       4%         N/A       65%         3
 Cause Fear               Hex            2%         N/A       88%         4

Inventory:

Hand Weapons
 Y - a +2 sling (weapon)
Armour
 c - a +0 pair of boots (worn)
 g - a +0 leather armour (worn)
 h - a +0 cloak (worn)
Scrolls
 a - a scroll of identify
Potions
 e - a potion of heal wounds
 i - a potion of curing {unknown}
 j - a potion of might {unknown}
 k - a potion of ambrosia {unknown}

Dungeon Overview and Level Annotations

Branches:
Dungeon (4/15)
 Temple: D:4-7

Altars:


Message History

You climb downwards.
You hear the hiss of flowing sand.
There is an entrance to an ossuary on this level.
Hurry and find it before the portal is buried!
The hobgoblin shouts!
Found 30 gold pieces and a leather armour.
Found a stone staircase leading down.
There is a stone staircase leading up here.
There are monsters nearby!
Waypoint 3 assigned to D:4.
2052 ||| PLANNING OSSUARY You shoot a sling bullet.
The kobold shouts!
The sling bullet hits the kobold.
You kill the kobold!
You hear a shout! x2
You shoot a sling bullet. The sling bullet hits the hobgoblin.
The hobgoblin is moderately wounded.
You shoot a sling bullet.
The sling bullet closely misses the hobgoblin.
The hobgoblin hits you.
You shoot a sling bullet.
The sling bullet barely misses the hobgoblin.
The ogre hits you with a +0 giant spiked club!!
Ouch! That really hurt!
The hobgoblin hits you.
2056 ||| STAIRDANCE The hobgoblin barely misses you.
The ogre misses you. You furiously retaliate!
You headbutt the ogre!
You climb upwards.
There is a stone staircase leading down here.
You shoot a sling bullet. The sling bullet hits the ogre.
The ogre is heavily wounded.
The hobgoblin hits you.
You shoot a sling bullet. The sling bullet hits the ogre.
The ogre is severely wounded.
The hobgoblin closely misses you. You furiously retaliate!
You headbutt the hobgoblin.
The ogre hits you with a +0 giant spiked club!!
Ouch! That really hurt!
You die...

#...#####.>.....#.#..##.########.
..................#..##.#.##.....
#.#....#..........#..#....##.###.
#.#...............#..####.#......
#.##...#......#.#.#..# #.#.....%
########......#.#.#..# #.#......
..............#.#.#..####.#......
#########.#.#.#.O.......#.#......
..#.#.........#.@.#..##.#.#......
#.#...###.#....g..)..##.#.#......
#.#...###.#...#...##.##.#.#......
#.#.....#..:......)...#.#.#######
#.....................#.#.# #....
..(...............###.#.#.# #....
.#####......#..#........#.# #....
.##............#......#.#.###....
..##.#..##....##.##...........%..


You could see an ogre and a hobgoblin.

Vanquished Creatures
  4 gnolls (D:2)
  2 adders
  2 worms (D:2)
  A dart slug (D:1)
  2 orcs (D:3)
  3 ball pythons
  5 bats
  8 endoplasms
  7 hobgoblins
  6 kobolds
  2 quokkas
  A frilled lizard (D:1)
  3 goblins
  6 rats
52 creatures vanquished.

Notes
Turn   | Place    | Note
-------+----------+-------------------------------------------
     0 | D:1      | qw the Minotaur Hexslinger began the quest for the Orb.
     0 | D:1      | Reached XP level 1. HP: 16/16 MP: 1/1
     0 | D:1      | 0 ||| qw: Version: 0.3-a-32-g5962c71
     0 | D:1      | 0 ||| qw: Game counter: 7589
     0 | D:1      | 0 ||| qw: Melee chars always use a shield: true
     0 | D:1      | 0 ||| qw: God list: Okawaru
     0 | D:1      | 0 ||| qw: Allow faded altars: false
     0 | D:1      | 0 ||| qw: Do Orc after clearing Dungeon:15 true
     0 | D:1      | 0 ||| qw: Do second Lair branch before Depths: true
     0 | D:1      | 0 ||| qw: Lair rune preference: random
     0 | D:1      | 0 ||| qw: Goals: Normal
     0 | D:1      | 0 ||| PLANNING D:1-11
   238 | D:1      | Reached skill level 3 in Ranged Weapons
   238 | D:1      | Reached XP level 2. HP: 22/23 MP: 2/2
   247 | D:1      | Found a faded altar of an unknown god.
   407 | D:1      | 407 ||| FLEEEEING.
   408 | D:1      | 408 ||| FLEEEEING.
   686 | D:1      | 686 ||| UPGRADING to +0 leather armour.
   696 | D:1      | 696 ||| DROPPING +0 robe.
   697 | D:1      | 697 ||| READING 2 scrolls labelled FIMU VIEZYL.
   698 | D:1      | 698 ||| DROPPING scroll of poison.
   801 | D:2      | Reached XP level 3. HP: 29/29 MP: 3/3
   953 | D:2      | HP: 6/29 [poisoned by an adder]
   955 | D:2      | Reached skill level 4 in Ranged Weapons
   957 | D:2      | HP: 2/29 [poisoned by an adder]
  1104 | D:2      | Reached XP level 4. HP: 32/36 MP: 4/4
  1197 | D:2      | Reached skill level 5 in Ranged Weapons
  1229 | D:2      | 1229 ||| UPGRADING to +0 pair of boots.
  1234 | D:2      | 1234 ||| READING scroll labelled MUOXUA BUVAMM.
  1235 | D:2      | 1235 ||| READING scroll labelled ZESHIFFITHOI.
  1236 | D:2      | 1236 ||| READING scroll labelled QEISKA WAIGUSCH.
  1237 | D:2      | 1237 ||| DRINKING 2 purple potions.
  1238 | D:2      | 1238 ||| DROPPING potion of attraction.
  2007 | D:3      | 2007 ||| DROPPING scarf of shadows.
  2008 | D:3      | 2008 ||| UPGRADING to +0 cloak.
  2013 | D:3      | 2013 ||| READING scroll labelled CITOMU SEOFF.
  2014 | D:3      | 2014 ||| DRINKING 2 metallic yellow potions.
  2015 | D:3      | 2015 ||| READING 2 scrolls of identify.
  2015 | D:3      | 2015 ||| IDENTIFYING bubbling yellow potion
  2016 | D:3      | 2016 ||| DROPPING potion of lignification.
  2051 | D:4      | Noticed an ogre
  2052 | D:4      | 2052 ||| PLANNING OSSUARY
  2056 | D:4      | 2056 ||| STAIRDANCE
  2059 | D:3      | Mangled by an ogre

Levels and vault maps discovered:
D:1:      minmay_arrival_shattered_statue, layout_basic, basic_ecumenical_altar,
          solitary_fountain
D:2:      layout_rooms
D:3:      layout_basic
D:4:      layout_basic, kennysheep_mini_moat, nicolae_hepliaklqana_hippocampus,
          nicolae_ossuary_entry_monument, kennysheep_generic_room_9

Skill      XL: |  1  2  3  4 |
---------------+-------------+-----
Ranged Weapons | 3 4 5 |  5.0
Fighting       | 2 |  2.8
Dodging        | |  2.1
Spellcasting   | |  1.0
Hexes          | |  2.0

Action                     |  1- 3 |  4- 6 || total
---------------------------+-------+-------++-------
   Fire: Sling             |   114 |    47 ||   161
    Use: Scroll            |     1 |     5 ||     6
         Potion            |       |     2 ||     2
 Armour: Robe              |     1 |       ||     1
         Leather armour    |    10 |     1 ||    11
  Dodge: Dodged            |    37 |    14 ||    51

Table legend:
 A = Non-vault XP
 B = Vault XP
 C = Vault XP percentage of total XP
 D = Non-vault monster count
 E = Vault monster count
 F = Vault count percentage of total count
                 A         B        C        D         E       F
            +---------+---------+-------+---------+---------+-------
      Total |     172 |       0 |   0.0 |      52 |       0 |   0.0
            +---------+---------+-------+---------+---------+-------
        D:1 |      26 |       0 |   0.0 |      15 |       0 |   0.0
        D:2 |     111 |       0 |   0.0 |      25 |       0 |   0.0
        D:3 |      34 |       0 |   0.0 |      11 |       0 |   0.0
        D:4 |       1 |       0 |   0.0 |       1 |       0 |   0.0
            +---------+---------+-------+---------+---------+-------
